Map: Sanctuary III LE

Players

Dasz - Winner!

  • Race: Protoss Protoss
  • League: Diamond

DarkStar

  • Race: Terran Terran
  • League: Diamond

VOD

Have the link to the VOD?

Description

Time

  • Played on: Sept. 23, 2026, 8:57 p.m.
  • Length: 5:37
Show
View Real Time Build Order
Export as new Build Order

Dasz Protoss - Winner!

Build Orders: Dark Templar Rush 

Get SALT Encoding   

  8  0:00  Probe (Chrono Boost)  
  9  0:13  Probe (Chrono Boost)  
  10  0:18  Probe (Chrono Boost)  
  11  0:27  Probe  
  12  0:34  Pylon  
  12  0:39  Probe  
  13  0:52  Probe  
  13  0:56  Gateway  
  14  1:04  Probe (Chrono Boost)  
  15  1:11  Assimilator  
  15  1:13  Probe (Chrono Boost)  
  15  1:18  Probe  
  17  1:30  Probe  
  18  1:42  Probe  
  18  1:44  Cybernetics Core  
  19  1:54  Probe  
  20  2:03  Nexus  
  20  2:06  Probe  
  21  2:18  Assimilator  
  21  2:22  Pylon  
  21  2:24  Warp Gate  
  21  2:38  Stalker (Chrono Boost)  
  21  2:40  Probe  
  24  2:48  Twilight Council  
  23  2:59  Probe  
  23  3:12  Probe (Chrono Boost), Robotics Facility  
  24  3:23  Probe (Chrono Boost)  
  24  3:24  Probe (Chrono Boost)  
  26  3:27  Probe (Chrono Boost)  
  26  3:32  Probe  
  28  3:38  Probe  
  29  3:45  Probe, Dark Shrine  
  29  3:47  Pylon  
  30  3:56  Gateway  
  30  4:03  Gateway  
  30  4:07  Warp Prism (Chrono Boost)  
  30  4:16  Probe x2 (Chrono Boost)  
  34  4:27  Shield Battery, Probe x2 (Chrono Boost)  
  36  4:32  Probe x2 (Chrono Boost)  
  39  4:42  Probe x2  
  40  4:54  Probe  
  40  4:55  Probe  
  42  5:09  Dark Templar  
  42  5:10  Dark Templar x2  
  42  5:13  Probe x2  
Show
View Real Time Build Order
Export as new Build Order

DarkStar Terran 

Build Orders: Reaper Expand 

Get SALT Encoding   

  8  0:00  SCV  
  10  0:14  SCV  
  10  0:29  Supply Depot  
  10  0:30  SCV  
  11  0:42  SCV  
  12  0:52  Barracks  
  12  1:00  Refinery  
  12  1:06  SCV  
  14  1:18  SCV  
  14  1:30  SCV  
  15  1:42  SCV  
  15  1:44  Reaper  
  17  1:54  SCV  
  18  2:06  Orbital Command  
  18  2:19  Command Center  
  18  2:30  Bunker  
  18  2:31  Marine  
  19  2:42  Supply Depot  
  19  2:45  SCV  
  20  3:05  SCV  
  21  3:15  Marine  
  21  3:17  SCV  
  21  3:19  Factory, Refinery  
  23  3:29  SCV  
  23  3:33  Marine, Orbital Command  
  25  3:41  SCV  
  26  3:53  SCV  
  28  3:56  Reaper  
  28  4:00  SCV  
  29  4:03  Hellion  
  29  4:04  Starport  
  29  4:07  SCV  
  32  4:12  SCV  
  33  4:19  SCV  
  34  4:24  SCV  
  34  4:25  Widow Mine  
  34  4:31  SCV  
  38  4:36  Barracks Reactor, SCV  
  39  4:42  Medivac  
  39  4:43  SCV  
  42  4:49  Supply Depot  
  42  4:54  Supply Depot  
  42  5:11  SCV x2, Widow Mine  
  46  5:15  Starport Tech Lab  
  46  5:21  Supply Depot x2  
  46  5:23  SCV x2  
Tags
 
Add a new tag
Caveats
  • Supply blocks, unpowered buildings, or Contaminate may cause inaccurate times.
  • Supply counts are checked every 10 seconds.